 Dungeon Crawl Stone Soup version 0.25-a0-21-ga5a8db46c7 (webtiles) character file.

Game seed: 1346690323827160785, levelgen mode: deterministic

205 Arixos the Skirmisher (level 5, -5/42 HPs)
             Began as a Demonspawn Fighter on Oct 15, 2019.
             Killed by divine providence
             ... invoked by an orc priest
              (11 damage)
             ... on level 3 of the Dungeon.
             The game lasted 00:05:36 (2439 turns).

Arixos the Skirmisher (Demonspawn Fighter)          Turns: 2439, Time: 00:05:36

Health: -5/42      AC:  6    Str: 17    XL:     5   Next: 53%
Magic:  5/5        EV:  7    Int: 10    God:
Gold:   106        SH:  9    Dex: 12    Spells: 4/4 levels left

rFire    . . .     SeeInvis .     - Unarmed
rCold    . . .     Gourm    .   b - +0 shield
rNeg     . . .     Faith    .   a - +0 scale mail
rPois    .         Spirit   .   (no helmet)
rElec    .         Reflect  .   (no cloak)
rCorr    .         Harm     .   (no gloves)
MR       .....                  (no boots)
Stlth    +.........             (no amulet)
HPRegen  0.14/turn              (no ring)
MPRegen  0.09/turn              (no ring)

@: no status effects
A: talons 1, nightstalker 1
a: no special abilities


You were on level 3 of the Dungeon.
You were not hungry.

You visited 1 branch of the dungeon, and saw 3 of its levels.

You collected 106 gold pieces.

Inventory:

Missiles
 e - 34 poisoned darts (quivered)
Armour
 a - a +0 scale mail (worn)
 b - a +0 shield (worn)
Scrolls
 g - a scroll of blinking {unknown}
 h - 2 scrolls of remove curse {unknown}
 i - 2 scrolls of identify {unknown}
 l - a scroll of magic mapping {unknown}
 n - a scroll of fog {unknown}
 p - a scroll of teleportation {unknown}
Potions
 c - 3 potions of might
 f - 3 potions of agility {unknown}
 j - a potion of curing {unknown}
 k - 3 potions of brilliance {unknown}
 m - a potion of magic {unknown}
 o - a potion of heal wounds {unknown}
Comestibles
 d - 3 rations
 q - a chunk of flesh


   Skills:
 + Level 3.8 Fighting
 + Level 3.5 Armour
 + Level 3.4 Shields
 * Level 3.6 Unarmed Combat


You had 4 spell levels left.
You didn't know any spells.
Your spell library contained the following spells:

 Spells                   Type           Power        Failure   Level  Hunger
 Beastly Appendage        Tmut           #.....       99%         1    ##.....
 Sticks to Snakes         Tmut           #.......     100%        2    ###....
 Spider Form              Tmut/Pois      #.........   100%        3    ####...
 Ice Form                 Ice/Tmut       #.......     100%        4    #####..
 Blade Hands              Tmut           #.........   100%        5    ######.


Dungeon Overview and Level Annotations

Branches:
Dungeon (3/15)

Altars:
Ashenzari
Trog


Innate Abilities, Weirdness & Mutations

You have sharp toenails.
You are slightly more attuned to the shadows.


Message History

You completely miss the orc. Your kick misses the orc.
An orc priest comes into view. It is wielding a +0 trident.
The orc priest shouts!
You hit the orc.
The orc is severely wounded.
You block the orc's attack.
You hit the orc but do no damage. You claw the orc, but do no damage.
The orc is severely wounded.
The orc hits you but does no damage.
You hit the orc but do no damage.
The orc is severely wounded.
You block the orc's attack.
You hit the orc.
You kill the orc!
The orc priest mumbles some strange prayers to Beogh against you.
Beogh smites you!
* * * LOW HITPOINT WARNING * * *
The orc priest mumbles some strange prayers to Beogh against you.
Beogh smites you!
You die...

###############.##
#....@og.o)o......
#########.###########.....
................. ..).
..#####........# ...
#........# g. #........# .
#....(...# #........#
#........#


You could see an orc priest, 2 orcs and a goblin.

Vanquished Creatures
  A crimson imp (D:3)
  An orc priest (D:3)
  4 gnolls
  4 adders
  An ooze (D:3)
  3 worms
  2 dart slugs (D:1)
  A leopard gecko (D:1)
  An orc (D:3)
  A ball python (D:2)
  5 giant cockroaches
  5 goblins
  3 hobgoblins
  7 kobolds
  A quokka (D:2)
  6 bats
  4 frilled lizards
  5 rats
55 creatures vanquished.

Notes
Turn   | Place    | Note
-------+----------+-------------------------------------------
     0 | D:1      | Arixos the Demonspawn Fighter began the quest for the Orb.
     0 | D:1      | Reached XP level 1. HP: 18/18 MP: 1/1
   314 | D:1      | Gained mutation: You have sharp toenails. [demonic
                  | ancestry]
   314 | D:1      | Reached XP level 2. HP: 23/24 MP: 2/2
   773 | D:2      | Gained mutation: You are slightly more attuned to the
                  | shadows. [demonic ancestry]
   773 | D:2      | Reached XP level 3. HP: 17/29 MP: 3/3
  1028 | D:2      | Found a shattered altar of Ashenzari.
  1433 | D:2      | Reached XP level 4. HP: 35/35 MP: 4/4
  1676 | D:2      | Found a bloodstained altar of Trog.
  2015 | D:3      | Reached XP level 5. HP: 15/42 MP: 5/5
  2439 | D:3      | Killed from afar by an orc priest

Levels and vault maps discovered:
D:1:      lightli_arrival_statue_moat, layout_basic, minmay_close_crescents
D:2:      layout_loops_ring, marbit_many_paths, nicolae_overflow_hidden_temple
D:3:      layout_basic

Skill      XL: |  1  2  3  4 |
---------------+-------------+-----
Unarmed Combat | 2 3 |  3.6
Armour         | 3 |  3.5
Shields        | 3 |  3.4
Fighting       | |  3.8

Action                   |  1- 3 |  4- 6 || total
-------------------------+-------+-------++-------
Melee: Unarmed           |   101 |    89 ||   190
       Kick              |    20 |    26 ||    46
  Eat: Chunk             |     2 |     3 ||     5
Armor: Scale mail        |    50 |    28 ||    78
Dodge: Dodged            |    28 |    20 ||    48
Block: Shield            |    46 |    31 ||    77

Table legend:
 A = Non-vault XP
 B = Vault XP
 C = Vault XP percentage of total XP
 D = Non-vault monster count
 E = Vault monster count
 F = Vault count percentage of total count
                 A         B        C        D         E       F
            +---------+---------+-------+---------+---------+-------
      Total |     286 |       8 |   2.7 |      51 |       4 |   7.3
            +---------+---------+-------+---------+---------+-------
        D:1 |      26 |       7 |  21.2 |      15 |       3 |  16.7
        D:2 |      92 |       1 |   1.1 |      23 |       1 |   4.2
        D:3 |     168 |       0 |   0.0 |      13 |       0 |   0.0
            +---------+---------+-------+---------+---------+-------
